 Dungeon Crawl Stone Soup version 0.26-a0-844-g3dd439832f (webtiles) character file.

Game seed: 3703695081625343091

115 robertstho the Ruffian (level 4, -19/45 HPs)
             Began as a Troll Fighter on Nov 18, 2020.
             Killed from afar by a hellion (29 damage)
             ... with damnation
             ... on level 1 of the Abyss.
             The game lasted 00:02:59 (2388 turns).

robertstho the Ruffian (Troll Fighter)              Turns: 2388, Time: 00:03:00

Health: -19/45     AC:  6    Str: 24    XL:     4   Next: 68%
Magic:  3/3        EV:  8    Int:  5    God:
Gold:   137        SH:  9    Dex:  9    Spells: 3/3 levels left

rFire    . . .     SeeInvis +     - Unarmed
rCold    . . .     Faith    .   b - +0 kite shield
rNeg     . . .     Spirit   .   a - +0 robe
rPois    .         Reflect  .   (helmet restricted)
rElec    .         Harm     .   (no cloak)
rCorr    .         Rampage  .   (gloves unavailable)
MR       .....                  (boots unavailable)
Stlth    +.........             (no amulet)
HPRegen  0.55/turn              d - ring of see invisible
MPRegen  0.08/turn              (no ring)

@: mighty
A: large, unfitting armour, claws 3, regeneration 1, shaggy fur 1, tough skin 3
a: no special abilities


You were on level 1 of the Abyss.
You visited 1 branch of the dungeon, and saw 3 of its levels.
You visited the Abyss 1 time.

You collected 137 gold pieces.

Inventory:

Armour
 a - a +0 robe (worn)
 b - a +0 kite shield (worn)
Jewellery
 d - a ring of see invisible (left claw)
 p - an uncursed amulet of the acrobat
Wands
 i - a wand of enslavement (6)
Scrolls
 f - a scroll of enchant weapon {unknown}
 g - 5 scrolls of identify
 h - 2 scrolls of random uselessness {unknown}
 j - a scroll of blinking {unknown}
 m - a scroll of fog {unknown}
 n - 3 scrolls of remove curse {unknown}
 q - a scroll of silence {unknown}
Potions
 e - a potion of invisibility {unknown}
 k - 2 potions of flight {unknown}
 l - 2 potions of curing {unknown}
 o - a potion of brilliance {unknown}
 r - a potion of lignification


   Skills:
 * Level 3.1 Fighting
 + Level 2.8 Dodging
 + Level 2.8 Shields
 * Level 3.5 Unarmed Combat


You had 3 spell levels left.
You didn't know any spells.
Your spell library was empty.

Dungeon Overview and Level Annotations

Branches:
Dungeon (3/15)

Altars:
The Shining One

Annotations:
D:3 Crazy Yiuf


Innate Abilities, Weirdness & Mutations

You are too large for most types of armour.
You have claws for hands.
Your natural rate of healing is unusually fast.
You are covered in fur. (AC +1)
You have extremely tough skin. (AC +3)


Message History

You scratch the hellion.
The hellion is heavily wounded.
The hellion hits you but does no damage.
The hellion gestures at you.
The sphere of damnation explodes!
The damnation engulfs you!!
Ouch! That really hurt!
* * * LOW HITPOINT WARNING * * *
The damnation engulfs the hellion.
The hellion completely resists.
You barely miss the hellion.
The hellion is heavily wounded.
You block the hellion's attack.
You claw the hellion!
The hellion is severely wounded.
The hellion hits you but does no damage.
You claw the hellion!
The hellion is almost dead.
The hellion gestures at you.
The sphere of damnation explodes!
The damnation engulfs you!!
Ouch! That really hurt!
You die...

## ##. ..#
#####
#.#.#####...# #
..#..#..#...#.#
#.#...@...##.#
.#.#.##2##..# .
#.#.#..# ..#
...# ...#.##.#
###.#.#...# ##
#. #..# .# .#.#
..#..# .###..
### .. ## # ##
#


You could see a hellion.

Vanquished Creatures
  3 adders
  An ooze (D:1)
  4 worms
  A dart slug (D:2)
  2 leopard geckos
  5 orcs (D:3)
  A ball python (D:3)
  A giant cockroach (D:1)
  8 goblins
  9 hobgoblins
  6 jackals
  3 bats
  6 frilled lizards
  6 kobolds
  6 rats
62 creatures vanquished.

Notes
Turn   | Place    | Note
-------+----------+-------------------------------------------
     0 | D:1      | robertstho the Troll Fighter began the quest for the Orb.
     0 | D:1      | Reached XP level 1. HP: 22/22 MP: 0/0
    81 | D:1      | Reached XP level 2. HP: 29/29 MP: 1/1
   901 | D:2      | Reached XP level 3. HP: 27/36 MP: 2/2
  1268 | D:2      | Reached XP level 4. HP: 44/44 MP: 3/3
  2027 | D:3      | Found a runed translucent door.
  2028 | D:3      | Noticed Crazy Yiuf
  2073 | D:3      | Found a glowing golden altar of the Shining One.
  2298 | D:3      | Cast into level 1 of the Abyss (Crazy Yiuf)
  2376 | Abyss:1  | Noticed a hellion
  2388 | Abyss:1  | Killed from afar by a hellion

Illustrated notes

Levels and vault maps discovered:
D:1:      minmay_arrival_plants_in_alcoves, layout_basic, serial_aquarium,
          aquarium_bridge_straight [aquarium_subvault_bridge,
          aquarium_subvault_wall, aquarium_subvault_bridge,
          aquarium_subvault_window], aquarium_bridge_square
          [aquarium_subvault_wall, aquarium_subvault_bridge,
          aquarium_subvault_balcony, aquarium_subvault_bridge],
          aquarium_window_fake, aquarium_window_corridor_3,
          aquarium_window_fake, aquarium_view_2c, aquarium_view_2g,
          palyth_stone_intersect, kennysheep_pointless_box, minivault_26
D:2:      layout_rooms
D:3:      layout_basic, tso_altar, uniq_crazy_yiuf_cottage
Abyss:1:  base:
D:3

Skill      XL: |  1  2  3  4 |
---------------+-------------+-----
Unarmed Combat | 3 |  3.5
Fighting       | 3 |  3.1
Dodging        | |  2.8
Shields        | |  2.8

Action                   |  1- 3 |  4- 6 || total
-------------------------+-------+-------++-------
Melee: Unarmed           |   114 |    62 ||   176
  Use: Scroll            |       |     2 ||     2
       Potion            |       |     1 ||     1
Armor: Robe              |    26 |     9 ||    35
Dodge: Dodged            |    38 |    11 ||    49
Block: Kite shield       |    44 |    26 ||    70

Table legend: (Time is in decaauts)
 A = Elapsed time spent in this place.
 B = Non-inter-level travel time spent in this place.
 C = Inter-level travel time spent in this place.
 D = Time resting spent in this place.
 E = Time spent auto-exploring this place.
 F = Levels seen in this place.
 G = Mean time per level.
                   A        B        C        D        E       F      G
               +--------+--------+--------+--------+--------+-----+--------+
         Total |   2390 |   2324 |     66 |      0 |   1925 |   4 |  597.5 |
       Dungeon |   2300 |   2234 |     66 |      0 |   1858 |   3 |  766.7 |
         Abyss |     89 |     89 |      0 |      0 |     67 |   1 |   89.0 |
               +--------+--------+--------+--------+--------+-----+--------+

Top non-repeatable levels by time:
     D:1: 894 daAuts
     D:3: 885 daAuts
     D:2: 520 daAuts
 Abyss:1: 89 daAuts
